 Dungeon Crawl Stone Soup version 0.30-a0-613-gdd512c7efb (webtiles) character file.

Game seed: 17394261246748004398

2427 OTABOTABOTAB the Martial Artist (level 9, -17/53 HPs)
             Began as an Octopode Transmuter on Jan 8, 2023.
             Killed from afar by Erica (37 damage)
             ... with a bolt of poison
             ... on level 8 of the Dungeon.
             The game lasted 00:14:32 (8128 turns).

OTABOTABOTAB the Martial Artist (OpTm)              Turns: 8128, Time: 00:14:33

Health: -17/53     AC:  2    Str: 10    XL:     9   Next: 48%
Magic:  9/12       EV: 20    Int: 19    God:
Gold:   325        SH:  0    Dex: 23    Spells: 2/12 levels left

rFire   . . .      SeeInvis .      - Unarmed
rCold   . . .      Faith    .    (shield currently unavailable)
rNeg    . . .      Spirit   .    (helmet currently unavailable)
rPois   x          Reflect  .    (no amulet)
rElec   .          Harm     .    d - +6 ring of dexterity
rCorr   .          Rampage  .    (no ring)
Will    .....                    (no ring)
Stlth   +                        (no ring)
HPRegen 0.28/turn                (no ring)
MPRegen 0.13/turn                (no ring)
                                 (no ring)
                                 (no ring)

@: confused, lethally poisoned (-17 -> -49), spider-form, slowed, very slow
A: venomous fangs, almost no armour, (amphibious), 8 rings, tiny, (camouflage
1), (gelatinous body 1), (nimble swimmer 1), (tentacles)
a: End Transformation


You were on level 8 of the Dungeon.
You were a venomous arachnid creature.
You visited 2 branches of the dungeon, and saw 9 of its levels.

You collected 349 gold pieces.
You spent 24 gold pieces at shops.

Inventory:

Missiles
 b - 3 atropa-tipped darts
 h - 4 javelins
 n - 2 throwing nets {!d}
 o - 8 poisoned darts
 s - 45 stones
Armour
 a - a +1 buckler
   (You found it on level 1 of the Dungeon)
Magical Staves
 k - a staff of earth
   (You found it on level 6 of the Dungeon)
Jewellery
 d - a +6 ring of dexterity (left front pincers)
   (You found it on level 5 of the Dungeon)
 f - a ring of fire {rF+, rC-}
   (You found it on level 2 of the Dungeon)
 l - an amulet of regeneration
   (You found it on level 6 of the Dungeon)
Wands
 e - a wand of charming (12)
   (You found it on level 2 of the Dungeon)
 j - a wand of polymorph (9)
   (You took it off an orc on level 5 of the Dungeon)
 y - a wand of mindburst (20)
   (You found it on level 6 of the Dungeon)
Scrolls
 c - 2 scrolls of enchant weapon
 g - a scroll of identify {@r1}
 D - 2 scrolls of blinking {!r}
 X - a scroll of magic mapping {@r4!r}
Potions
 H - a potion of haste
 J - 3 potions of curing {@q1}
 L - 2 potions of flight
 M - a potion of magic
 P - 3 potions of lignification {!q}
 U - a potion of mutation {!q}


   Skills:
 - Level 1.0 Fighting
 - Level 2.0 Dodging
 + Level 8.3 Unarmed Combat
 - Level 2.0 Spellcasting
 + Level 8.1 Transmutations
 - Level 5.0 Ice Magic
 - Level 3.0 Poison Magic


You had 2 spell levels left.
You knew the following spells:

 Your Spells              Type           Power      Damage    Failure   Level
a - Beastly Appendage     Tmut           64%        N/A       4%          1
b - Wereblood             Tmut           32%        N/A       4%          2
c - Spider Form           Tmut/Pois      23%        N/A       16%         3
d - Ice Form              Ice/Tmut       26%        N/A       28%         4

Your spell library contained the following spells:

 Spells                   Type           Power      Damage    Failure   Level
 Magic Dart               Conj           4%         1d3       36%         1
 Call Imp                 Summ           1%         N/A       47%         2
 Ozocubu's Armour         Ice            20%        N/A       17%         3
 Mephitic Cloud           Conj/Pois/Air  5%         N/A       54%         3
 Ozocubu's Refrigeration  Ice            10%        4d9       100%        7


Dungeon Overview and Level Annotations

Branches:
Dungeon (8/15)             Temple (1/1) D:4
   Lair: D:8-11

Altars:
Dithmenos
Elyvilon
Fedhas
Hepliaklqana
Kikubaaqudgha
Makhleb
Nemelex Xobeh
Qazlal
Uskayaw
Vehumet
Wu Jian
Xom
Zin
The Shining One

Shops:
D:4 ?   D:7 [

Annotations:
D:5 3 runed translucent doors, Bediveer's ghost, novice KoHu; yumyumyeen's ghost, amateur DsMo
D:8 Erica


Innate Abilities, Weirdness & Mutations

You are a venomous arachnid creature.
You have venomous fangs.
You are tiny and dextrous.
Your spellcasting is less reliable in this form.
Your armour is entirely melded.
You are incapable of wielding weapons or throwing items.
You cannot wear most types of armour.
((You are amphibious.))
You can wear up to eight rings at the same time.
((Your skin changes colour to match your surroundings (Stealth+).))
((Your rubbery body absorbs attacks. (AC +1, EV +1)))
((You are camouflaged when in or above water. (Stealth+)))
((You have tentacles for arms and can constrict up to eight enemies at once.))


Message History

You enter the shallow water.
You enter the shallow water.
Things that are here:
a +0 short sword; a +0 chain mail
There is a stone staircase leading up here.
Done exploring.
Done exploring.
Done exploring.
As you read the scroll of identify {@r1}, it crumbles to dust.
m - a scroll of magic mapping;
X - a scroll of magic mapping Done exploring.
Done exploring.
Search for what [Enter for "gozag", or ? for help]? scroll
There is a stone staircase leading up here.
You climb upwards.
There is a stone staircase leading down here.
There is a stone staircase leading up here.
You climb upwards.
Level annotation: 3 runed translucent doors, Bediveer's ghost, novice KoHu; yumyumyeen's ghost, amateur DsMo
There is a stone staircase leading down here.
Bediveer's ghost turns its malevolent gaze towards you.
Here: Bediveer's ghost (fire blocked by a runed translucent door)
The floor.
Unknown command.
(D) Dungeon (T) Temple
Where to? (Enter - D:5 @ (x,y), ? - help) Yumyumyeen's ghost turns its malevolent gaze towards you.
There is a stone staircase leading down here.
You climb downwards.
There is a stone staircase leading up here.
Done exploring.
Done exploring.
Done exploring.
(D) Dungeon (T) Temple
Where to? (Enter - D:6, ? - help)
There is a stone staircase leading down here.
You climb downwards.
There is a stone staircase leading up here.
Done exploring.
(D) Dungeon (T) Temple
Where to? (Enter - D:7, ? - help)
There is a stone staircase leading down here.
You climb downwards.
There is a stone staircase leading up here.
Search for what [Enter for "scroll", or ? for help]? gozag Can't find anything matching that.
Unknown command.
Unknown command.
You now have 309 gold pieces (gained 8).
You open the door.
There is an open door here.
Erica the Fiery-Tempered comes into view.
She is wielding a +4 scimitar of flaming.
You see here 16 gold pieces.
You now have 325 gold pieces (gained 16).
Erica shouts!
The spell is quite dangerous to miscast (12% risk of failure)!
Continue anyway?
Okay, then.
Unknown command.
Here: Erica, wielding a +4 scimitar of flaming and wearing a +0 robe The floor.
Aim: Erica, wielding a +4 scimitar of flaming and wearing a +0 robe (chance to affect: 29%) Erica easily resists.
Aim: Erica, wielding a +4 scimitar of flaming and wearing a +0 robe The mass of ice explodes!
The iceblast engulfs Erica!
You hear a bellow!
Erica says, "Fast and perfect.
Such is my way of killing."
Aim: Erica, wielding a +4 scimitar of flaming and wearing a +0 robe (moderately wounded)
The mass of ice explodes!
The iceblast engulfs Erica!
The now-empty wand crumbles to dust.
You hear a bellow! x3
No previous command to re-do.
You turn into a venomous arachnid creature.
You now have 9/12 mp.
You hit Erica but do no damage.
Erica is poisoned.
You bite Erica!
Erica looks as sick as possible!
Erica hits you with a +4 scimitar of flaming!!
Erica burns you.
You take 21 damage, and have 32/53 hp.
MASSIVE DAMAGE!!
You bite Erica!
Erica looks as sick as possible!
Erica completely misses you.
You bite Erica!
Erica points at you and mumbles some strange words.
You feel yourself slow down.
You hit Erica but do no damage.
Erica looks as sick as possible!
Erica laughs wildly.
Erica casts a spell at you. The lance of force hits you!!
* * * LOW HITPOINT WARNING * * *
You are knocked back by the lance of force.
You take 22 damage, and have 10/53 hp.
MASSIVE DAMAGE!!
You feel better. Erica casts a spell at you.
You are confused.
Erica screams, "Coming here was suicide!
For you!"
Erica points at you and mumbles some strange words.
The bolt of poison hits you!!!
You are lethally poisoned!
Ouch! That really hurt!
You die...

# #. ##+## #. ##...##
#.# ##.....## #..##
##.......##
#####...####.........#
......@.s..'........<+
#####...####.........#
##.## ##.......## #.
##.....## #. ##...##
#. ##+## #. #.


You could see Erica (extremely poisoned).

Vanquished Creatures
  A yak (D:7)
  Menkaure (D:6)
  An ice beast (D:5)
  A black bear (D:4)
  2 sky beasts
  2 ogres
  A centaur (D:6)
  2 phantoms
  A kobold brigand (D:7)
  A bullfrog (D:7)
  2 necrophages
  2 scorpions
  5 killer bees (D:7)
  2 howler monkeys (D:5)
  4 hounds
  2 jellies
  A gnoll bouda (D:7)
  3 orc priests
  3 iguanas
  3 orc wizards
  3 gnolls (D:7)
  5 adders
  2 white imps
  An ufetubus (D:5)
  8 worms
  A dart slug (D:5)
  37 orcs
  16 ball pythons
  5 endoplasms
  3 giant cockroaches
  5 goblins
  12 hobgoblins
  2 jackals (D:3)
  5 kobolds
  3 quokkas
  8 bats
  3 frilled lizards
  5 rats
164 creatures vanquished.

Vanquished Creatures (others)
  46 plants (D:7)
46 creatures vanquished.

Grand Total: 210 creatures vanquished

Notes
Turn   | Place    | Note
-------+----------+-------------------------------------------
     0 | D:1      | OTABOTABOTAB the Octopode Transmuter began the quest for
                  | the Orb.
     0 | D:1      | Reached XP level 1. HP: 13/13 MP: 3/3
   219 | D:1      | Reached XP level 2. HP: 18/18 MP: 5/5
   267 | D:1      | Learned a level 2 spell: Wereblood
   649 | D:1      | Reached XP level 3. HP: 23/23 MP: 6/6
  1216 | D:2      | Reached skill level 3 in Transmutations
  1261 | D:2      | Reached skill level 4 in Unarmed Combat
  1261 | D:2      | Reached XP level 4. HP: 10/28 MP: 5/7
  1348 | D:2      | Learned a level 3 spell: Spider Form
  1729 | D:2      | Reached skill level 1 in Poison Magic
  2470 | D:3      | Reached XP level 5. HP: 30/33 MP: 6/8
  2490 | D:3      | Found a hide-covered altar of Uskayaw.
  2693 | D:3      | Found a glowing silver altar of Zin.
  3093 | D:4      | Reached skill level 2 in Poison Magic
  3120 | D:4      | Reached skill level 4 in Transmutations
  3195 | D:4      | Reached XP level 6. HP: 12/38 MP: 5/9
  3372 | D:4      | Reached skill level 5 in Unarmed Combat
  3372 | D:4      | Reached skill level 3 in Poison Magic
  3542 | D:4      | Noticed a black bear
  3552 | D:4      | Killed a black bear
  3553 | D:4      | Reached skill level 1 in Ice Magic
  3553 | D:4      | Reached XP level 7. HP: 43/43 MP: 6/10
  3615 | D:4      | Found a staircase to the Ecumenical Temple.
  3624 | Temple   | Entered the Ecumenical Temple
  3722 | D:4      | Reached skill level 5 in Transmutations
  4026 | D:4      | Found Cucuato's Magic Scroll Shoppe.
  4031 | D:4      | Bought a scroll of identify for 24 gold pieces
  4036 | D:4      | Learned a level 4 spell: Ice Form
  4294 | D:5      | Entered Level 5 of the Dungeon
  4374 | D:5      | Reached skill level 2 in Ice Magic
  4546 | D:5      | Reached skill level 6 in Unarmed Combat
  4549 | D:5      | Found a shadowy altar of Dithmenos.
  4557 | D:5      | Reached skill level 3 in Ice Magic
  4557 | D:5      | Reached XP level 8. HP: 44/48 MP: 5/11
  5335 | D:5      | HP: 8/48 [ice beast (13)]
  5341 | D:5      | Reached skill level 6 in Transmutations
  5571 | D:5      | Found a runed translucent gate.
  5571 | D:5      | Found a runed translucent gate.
  5571 | D:5      | Found a runed translucent gate.
  5572 | D:5      | Noticed Bediveer's ghost (novice KoHu)
  5574 | D:5      | Noticed yumyumyeen's ghost (amateur DsMo)
  5743 | D:6      | Noticed Menkaure
  5761 | D:6      | HP: 9/48 [Menkaure/nerve-wracking pain (13)]
  5777 | D:6      | HP: 7/57 [Menkaure (16)]
  5781 | D:6      | Killed Menkaure
  5782 | D:6      | Reached skill level 4 in Ice Magic
  6236 | D:6      | Reached skill level 7 in Unarmed Combat
  6770 | D:7      | Found Utwops's Armour Boutique.
  6999 | D:7      | Reached skill level 7 in Transmutations
  6999 | D:7      | Reached XP level 9. HP: 53/53 MP: 7/12
  7043 | D:7      | Reached skill level 5 in Ice Magic
  7426 | D:7      | Reached skill level 8 in Unarmed Combat
  7429 | D:7      | Reached skill level 8 in Transmutations
  8116 | D:8      | Noticed Erica
  8127 | D:8      | HP: 10/53 [Erica/lance of force (23)]
  8128 | D:8      | Killed from afar by Erica

Illustrated notes

Levels and vault maps discovered:
D:1:      lemuel_arrival_funnel, layout_basic
D:2:      layout_basic, dk_noncrumbling_4
D:3:      layout_basic, eat_drink_and_be_merry_uskayaw, zin_statuary,
          corexii_leaking_fountain, patterned_corridor
D:4:      layout_rooms, temple_hall, cheibrodos_sewer_entry_bend, serial_shops,
          nicolae_shop_hallway_plus, serial_bayou_lake_a
D:5:      layout_cave_pools, mainiacjoe_overflow_small_starburst,
          gammafunk_ghost_cemetery, kennysheep_flooded_box, wad_rectangle_vault
D:6:      layout_loops_ring, uniq_menkaure
D:7:      minmay_angry_zag, layout_loops_ring, fountainhead,
          serial_bayou_lagoon_a, serial_park_tiny_1, nicolae_stop_n_shop_2
D:8:      layout_loops_corners, gammafunk_temple_overflow_pools,
          nicolae_overflow_hidden_temple, grunt_gozag_breadcrumbs, serial_shops,
          shop, nicolae_shop_i_like_big_books, uniq_psyche, uniq_maggie,
          uniq_erica, uniq_prince_ribbit1
Temple:   minmay_freezing_vapour_temple

Skill      XL: |  1  2  3  4  5  6  7  8  9 |
---------------+----------------------------+-----
Transmutations | 3 4 5 7 8 |  8.1
Unarmed Combat | 4 5 6 7 8 |  8.3
Poison Magic   | 1 2 3 |  3.0
Ice Magic      | 1 3 4 5 |  5.0
Fighting       | |  1.0
Dodging        | |  2.0
Spellcasting   | |  2.0

Action                   |  1- 3 |  4- 6 |  7- 9 || total
-------------------------+-------+-------+-------++-------
Melee: Unarmed           |    79 |   139 |   253 ||   471
       Constrict         |    21 |    34 |     6 ||    61
       Kick              |    13 |    31 |     8 ||    52
       Tentacles         |    10 |    20 |     2 ||    32
       Punch             |       |     4 |     1 ||     5
Throw: Stone             |       |     7 |       ||     7
 Cast: Beastly Appendage |    13 |    20 |     5 ||    38
       Spider Form       |       |     5 |    14 ||    19
       Wereblood         |       |     2 |     3 ||     5
       Ice Form          |       |       |    15 ||    15
 Abil: End Transformatio |     8 |    14 |    26 ||    48
Evoke: Wand              |       |       |     3 ||     3
  Use: Scroll            |     7 |     5 |     5 ||    17
       Potion            |       |       |     4 ||     4
 Stab: Sleeping          |     5 |     1 |     2 ||     8
Armor: Skin              |    12 |    11 |    51 ||    74
Dodge: Dodged            |    55 |    74 |   116 ||   245

Table legend: (Time is in decaauts)
 A = Elapsed time spent in this place.
 B = Non-inter-level travel time spent in this place.
 C = Inter-level travel time spent in this place.
 D = Time resting spent in this place.
 E = Time spent auto-exploring this place.
 F = Levels seen in this place.
 G = Mean time per level.
                   A        B        C        D        E       F      G
               +--------+--------+--------+--------+--------+-----+--------+
         Total |   8075 |   7676 |    399 |   1337 |   4969 |   9 |  897.2 |
       Dungeon |   8058 |   7659 |    399 |   1337 |   4959 |   8 | 1007.2 |
        Temple |     16 |     16 |      0 |      0 |     10 |   1 |   16.0 |
               +--------+--------+--------+--------+--------+-----+--------+

Top non-repeatable levels by time:
     D:5: 1278 daAuts
     D:4: 1235 daAuts
     D:6: 1209 daAuts
     D:1: 1201 daAuts
     D:7: 1171 daAuts
     D:2: 1064 daAuts
     D:3: 872 daAuts
     D:8: 25 daAuts
  Temple: 16 daAuts

Table legend:
 A = Kills in this place as a percentage of kills in entire the game.
 B = Kills by you in this place as a percentage of kills by you in the entire game.
 C = Kills by friends in this place as a percentage of kills by friends in the entire game.
 D = Other kills in this place as a percentage of other kills in the entire game.
 E = Experience gained in this place as a percentage of experience gained in the entire game.
 F = Experience gained in this place divided by the number of levels of this place that you have seen.
                   A       B       C       D       E      F
               +-------+-------+-------+-------+-------+----------------------
         Total | 100.0 | 100.0 |   N/A |   N/A | 100.0 | 385.3
       Dungeon | 100.0 | 100.0 |   N/A |   N/A | 100.0 | 433.5
               +-------+-------+-------+-------+-------+----------------------
